 Dungeon Sprint DCSS version 0.29.1-2-gbd0b4ee654 (webtiles) character file.

Game seed: 1303089526284682047

4 Groucho the Trooper (level 1, -14/18 HPs)
             Began as a Human Fighter on Nov 20, 2022.
             Demolished by an ogre
             ... wielding a +0 giant club
              (32 damage)
             ... in the Dungeon (Sprint IX: "|||||||||||||||||||||||||||||").
             The game lasted 00:00:42 (36 turns).

Groucho the Trooper (Human Fighter)                   Turns: 36, Time: 00:00:43

Health: -14/18     AC:  6    Str: 16    XL:     1   Next: 77%
Magic:  1/1        EV:  9    Int:  8    God:
Gold:   0          SH:  4    Dex: 12    Spells: 0/0 levels left

rFire   . . .      SeeInvis .   a - +0 rapier
rCold   . . .      Faith    .   c - +0 buckler
rNeg    . . .      Spirit   .   b - +0 scale mail
rPois   .          Reflect  .   (no helmet)
rElec   .          Harm     .   (no cloak)
rCorr   .          Rampage  .   (no gloves)
Will    .....      NoTele   +   (no boots)
Stlth   ..........              (no amulet)
HPRegen 0.06/turn               (no ring)
MPRegen 0.07/turn               (no ring)

@: no status effects
A: no striking features
a: no special abilities


You were in the Dungeon.
You visited 1 branch

Inventory:

Hand Weapons
 a - a +0 rapier (weapon)
Armour
 b - a +0 scale mail (worn)
 c - a +0 buckler (worn)
Scrolls
 j - a scroll of blinking
Potions
 d - a potion of might
 e - a potion of curing
 f - a potion of heal wounds
 g - a potion of haste
 h - 2 potions of magic
 i - a potion of berserk rage


   Skills:
 * Level 3.3 Fighting
 * Level 2.4 Short Blades
 + Level 3.1 Armour
 * Level 1.1 Dodging
 * Level 1.3 Stealth
 + Level 3.1 Shields


You couldn't memorise any spells.
You didn't know any spells.
Your spell library was empty.

Dungeon Overview and Level Annotations

Branches:
Dungeon (1/1)

Altars:


Message History

Unknown command.
You closely miss the giant cockroach.
The giant cockroach is severely wounded.
The giant cockroach barely misses you.
You hit the giant cockroach but do no damage.
The giant cockroach is severely wounded.
The giant cockroach bites you but does no damage.
Unknown command.
You barely miss the giant cockroach.
The giant cockroach is severely wounded.
The giant cockroach bites you but does no damage. x2
Unknown command.
You hit the giant cockroach.
The giant cockroach is almost dead.
You block the giant cockroach's attack.
Unknown command.
You hit the giant cockroach but do no damage.
The giant cockroach is almost dead.
The giant cockroach bites you but does no damage.
Unknown command.
You completely miss the giant cockroach.
The giant cockroach is almost dead.
The giant cockroach bites you but does no damage. x2
Unknown command.
You hit the giant cockroach.
You kill the giant cockroach!
No target in view!
Unknown command.
Unknown command.
No target in view!
Unknown command.
No target in view!
You see here a giant cockroach corpse.
You open the door.
A phantom, a gnoll, a centaur, a scorpion and an ogre come into view.
The gnoll shouts!
The centaur shouts!
You barely miss the ogre.
The ogre hits you with a +0 giant club!!
Ouch! That really hurt!
You die... ▓▓▓▓▓▓▓▓▓▓▓▓▓▓▓▓▓▓ +Wgc.sO@...†)...<▓ ▓▓▓▓▓▓▓▓▓▓▓▓▓▓▓▓▓▓

You could see an ogre, a phantom, a centaur, a scorpion and a gnoll.

Vanquished Creatures
  A bat (D)
  A giant cockroach (D)
  A frilled lizard (D)
  A kobold (D)
  A rat (D)
5 creatures vanquished.

Notes
Turn   | Place    | Note
-------+----------+-------------------------------------------
     0 | D        | Groucho the Human Fighter began the quest for the Orb.
     0 | D        | Reached XP level 1. HP: 18/18 MP: 1/1
    18 | D        | Reached skill level 1 in Dodging
    18 | D        | Reached skill level 1 in Stealth
    35 | D        | Noticed a phantom
    35 | D        | Noticed a centaur
    35 | D        | Noticed a scorpion
    35 | D        | Noticed an ogre
    36 | D        | Demolished by an ogre

Illustrated notes

Levels and vault maps discovered:
D:        linesprint [early_d, line_temple, items_1, d_10, items_2, lair_1,
          lair_end, items_3, orc_1, orc_end, items_4, d_15, swamp_1, shoals_1,
          snake_1, spider_1, d_20, vaults_1, items_5, swamp_end, shoals_end,
          snake_end, spider_end, vaults_end, d_27, items_6, zot_1, zot_end,
          crypt_end, forest_end, elf_end, slime_end, tomb_end, abyss_end,
          pan_hell_end]

Skill      XL: |  1 |
---------------+----+-----
Dodging        | 1 |  1.1
Stealth        | 1 |  1.3
Fighting       | |  3.3
Short Blades   | |  2.4
Armour         | |  3.1
Shields        | |  3.1

Action                   || total
-------------------------++-------
Melee: Rapier            ||    26
Armor: Scale mail        ||    21
Dodge: Dodged            ||     6
Block: Buckler           ||     3
